 Dungeon Crawl Stone Soup version 0.21-a0-369-g397cdb2 (webtiles) character file.

64 Inus the Magician (level 3, -9/24 HPs)
             Began as a Demonspawn Wizard on Oct 15, 2017.
             Killed by nerve-wracking pain
             ... invoked by Grinder
              (10 damage)
             ... on level 3 of the Dungeon.
             The game lasted 00:07:27 (2087 turns).

Inus the Magician (Demonspawn Wizard)               Turns: 2087, Time: 00:07:28

Health: -9/24      AC:  8    Str:  9    XL:     3   Next: 91%
Magic:  1/8        EV: 12    Int: 22    God:
Gold:   68         SH:  0    Dex: 11    Spells: 4/9 levels left

rFire    . . .     SeeInvis .   m - +0 spear (freeze)
rCold    . . .     Gourm    .   (no shield)
rNeg     . . .     Faith    .   a - +0 robe
rPois    .         Spirit   .   l - +1 helmet
rElec    .         Reflect  .   (no cloak)
rCorr    .         Harm     .   n - +0 pair of gloves
MR       .....                  e - +0 pair of boots
Stlth    ++........             (no amulet)
HPRegen  0.08/turn              (no ring)
MPRegen  0.11/turn              (no ring)

@: no status effects
A: slimy green scales 1, clever 1, strong 1
a: no special abilities


You were on level 3 of the Dungeon.
You were not hungry.

You visited 1 branch of the dungeon, and saw 3 of its levels.

You collected 68 gold pieces.

Inventory:

Hand Weapons
 k - a +2 mace of protection
 m - a +0 spear of freezing (weapon)
Missiles
 j - 7 poisoned needles
Armour
 a - a +0 robe (worn)
 e - a +0 pair of boots (worn)
 f - a +0 buckler
 l - a +1 helmet (worn)
 n - a +0 pair of gloves (worn)
Jewellery
 h - an uncursed ring of flight
Scrolls
 g - a scroll of remove curse
 i - a scroll of identify
Books
 c - a book of Minor Magic

   Spells                             Type                      Level
   a - Magic Dart                     Conjuration                  1
   b - Blink                          Translocation                2
   c - Call Imp                       Summoning                    2
   d - Slow                           Hexes                        2
   e - Conjure Flame                  Conjuration/Fire             3
   f - Mephitic Cloud                 Conjuration/Poison/Air       3
Comestibles
 d - 2 bread rations


   Skills:
 - Level 1.7 Dodging
 - Level 1.7 Stealth
 + Level 3.9 Spellcasting
 - Level 2.0 Conjurations
 + Level 2.0 Summonings
 - Level 0.8 Translocations


You had 4 spell levels left.
You knew the following spells:

 Your Spells              Type           Power        Failure   Level  Hunger
a - Magic Dart            Conj           ##..         4%          1    None
b - Call Imp              Summ           ##......     8%          2    #......
c - Blink                 Tloc           N/A          12%         2    #......


Dungeon Overview and Level Annotations

Branches:
Dungeon (3/15)

Altars:

Annotations:
D:3 Grinder


Innate Abilities, Weirdness & Mutations

You are partially covered in slimy green scales. (AC +2)
Your mind is acute. (Int +2)
Your muscles are strong. (Str +2)


Message History

Grinder says, "DUCK!"
Casting: Magic Dart
Confirm with . or Enter, or press ? or * to list all spells.
A beastly little devil appears in a puff of flame.
Grinder gestures at you. Pain shoots through your body!
Ouch! That really hurt!
Your crimson imp blinks!
Your shadow imp barely misses Grinder.
Grinder gestures at you.
Your shadow imp suddenly stops moving!
Your shadow imp disappears in a puff of smoke!
Your crimson imp blinks!
Grinder blinks!
Grinder gestures at you. Pain shoots through your body!
* * * LOW HITPOINT WARNING * * *
Grinder gestures at you. Pain shoots through your body!
You die...

#### ### # ...####..
#. #......# # #.
...##.#####.####
#.#####.##.##5.(.)...
#...#...5.....##.###.
#...#@.###.####
#<..####.......#
##.......#######
#.####### #.# #.# #.#
#.###### #.[..>.#


You could see Grinder.

Vanquished Creatures
  An adder (D:2)
  A leopard gecko (D:2)
  3 giant cockroaches
  2 hobgoblins
  2 jackals
  A quokka (D:3)
  2 bats
  3 frilled lizards
  4 goblins
  5 kobolds
24 creatures vanquished.

Vanquished Creatures (collateral kills)
  Terence (D:2)
  2 adders
  2 worms (D:2)
  5 jackals
  A kobold (D:2)
  2 rats
13 creatures vanquished.

Grand Total: 37 creatures vanquished

Notes
Turn   | Place    | Note
-------+----------+-------------------------------------------
     0 | D:1      | Inus the Demonspawn Wizard began the quest for the Orb.
     0 | D:1      | Reached XP level 1. HP: 13/13 MP: 4/4
   358 | D:1      | Gained mutation: You are partially covered in slimy green scales. (AC +2) [demonic ancestry]
   358 | D:1      | Reached XP level 2. HP: 10/19 MP: 4/6
   378 | D:1      | Learned a level 2 spell: Call Imp
   381 | D:1      | Learned a level 2 spell: Blink
   971 | D:1      | Gained mutation: Your mind is acute. (Int +2) [potion of mutation]
   971 | D:1      | Gained mutation: Your muscles are strong. (Str +2) [potion of mutation]
  1120 | D:2      | Reached XP level 3. HP: 24/24 MP: 2/8
  1394 | D:2      | Noticed Terence
  1437 | D:2      | Killed Terence
  2076 | D:3      | Noticed Grinder
  2085 | D:3      | HP: 1/24 [Grinder/nerve-wracking pain (8)]
  2087 | D:3      | Killed from afar by Grinder

Vault maps used:
D:1:      minmay_arrival_doors
D:2:      first_bread, uniq_terence
D:3:      uniq_grinder

Skill      XL: |  1  2  3 |
---------------+----------+-----
Conjurations   | 2 |  2.0
Summonings     | 2 |  2.0
Dodging        | |  1.7
Stealth        | |  1.7
Spellcasting   | |  3.9
Translocations | |  0.8

Action                   || total
-------------------------++-------
Melee: Spear             ||    43
 Cast: Magic Dart        ||    39
       Call Imp          ||    20
  Use: Scroll            ||     5
       Potion            ||     2
  Eat: Chunk             ||     4
Armor: Robe              ||    10
Dodge: Dodged            ||    48

Table legend:
 A = Spawn XP
 B = Non-spawn XP
 C = Spawn XP percentage of total XP
 D = Spawn monster count
 E = Non-spawn monster count
 F = Spawn count percentage of total count
 G = Total turns spent on level
                    A         B        C        D         E        F      G
               +---------+---------+-------+---------+---------+-------+---------
         Total |       0 |      92 |   0.0 |       0 |      37 |   0.0 |  2087
               +---------+---------+-------+---------+---------+-------+---------
           D:1 |       0 |      22 |   0.0 |       0 |      16 |   0.0 |   974
           D:2 |       0 |      50 |   0.0 |       0 |      12 |   0.0 |   795
           D:3 |       0 |      20 |   0.0 |       0 |       9 |   0.0 |   318
               +---------+---------+-------+---------+---------+-------+---------
